| TOP OF THE 1ST |
|
Chattanooga Lookouts batting - Pitching for Frisco RoughRiders : RHP John Piccola
|
|
Pitching: RHP John Piccola
|
|
|
Batting: SHB Matt Urbani
|
0-0: Ball 1-0: Called Strike 1-1: Ground out U3 (Groundball, 34, EV 90.6 MPH)
|
|
Batting: RHB Mike Craver
|
0-0: Called Strike 0-1: Ball 1-1: Ball 2-1: Ball 3-1: Called Strike 3-2: Foul Ball, location: 2F 3-2: Foul Ball, location: 2F 3-2: Fly out, F6 (Popup, 6M, EV 60.0 MPH)
|
|
Batting: LHB Shaun Price
|
0-0: Foul Ball, location: 2F 0-1: Ball 1-1: Fly out, F9 (Flyball, 9S, EV 80.6 MPH)
|
| Top of the 1st over - 0 runs, 0 hits, 0 errors, 0 left on base; Chattanooga 0 - Frisco 0 |
| BOTTOM OF THE 1ST |
|
Frisco RoughRiders batting - Pitching for Chattanooga Lookouts : LHP Jon Lizarraga
|
|
Pitching: LHP Jon Lizarraga
|
|
|
Batting: RHB Josh Whitmore
|
0-0: Bunt missed! 0-1: Ground out 5-3 (Groundball, 25, EV 76.2 MPH)
|
|
Batting: RHB Sean Neuroth
|
0-0: Called Strike 0-1: Foul Ball, location: 2F 0-2: Ball 1-2: Foul Ball, location: 2F 1-2: Foul Ball, location: 2F 1-2: Strikes out swinging
|
|
Batting: RHB Mike Thornton
|
0-0: Foul Ball, location: 2F 0-1: Foul Ball, location: 2F 0-2: Ball 1-2: Strikes out swinging
|
| Bottom of the 1st over - 0 runs, 0 hits, 0 errors, 0 left on base; Chattanooga 0 - Frisco 0 |
| TOP OF THE 2ND |
|
Chattanooga Lookouts batting - Pitching for Frisco RoughRiders : RHP John Piccola
|
|
Batting: LHB Kuemon Shishido
|
0-0: Fly out, F5 (Line Drive, 5L, EV 70.6 MPH)
|
|
Batting: RHB Manuel Juarez
|
0-0: Ball 1-0: Called Strike 1-1: Fly out, F8 (Flyball, 8LS, EV 91.9 MPH)
|
|
Batting: LHB Marshall Daul
|
0-0: Foul Ball, location: 2F 0-1: Foul Ball, location: 2F 0-2: Ball 1-2: Strikes out looking
|
| Top of the 2nd over - 0 runs, 0 hits, 0 errors, 0 left on base; Chattanooga 0 - Frisco 0 |
| BOTTOM OF THE 2ND |
|
Frisco RoughRiders batting - Pitching for Chattanooga Lookouts : LHP Jon Lizarraga
|
|
Batting: RHB Jorge Benites
|
0-0: Fly out, F8 (Flyball, 8LD, EV 96.9 MPH)
|
|
Batting: RHB Joe Kemp
|
0-0: Called Strike 0-1: Ball 1-1: Fly out, F6 (Popup, 6MS, EV 69.4 MPH)
|
|
Batting: RHB Luis Arce
|
0-0: SINGLE (Line Drive, 5D, EV 98.1 MPH)
|
|
Batting: RHB Matt Sanders
|
0-0: Ball 1-0: Ball 2-0: Ball 3-0: Called Strike 3-1: Called Strike Luis Arce is caught stealing 2nd base 2-4
|
| Bottom of the 2nd over - 0 runs, 1 hit, 0 errors, 0 left on base; Chattanooga 0 - Frisco 0 |
| TOP OF THE 3RD |
|
Chattanooga Lookouts batting - Pitching for Frisco RoughRiders : RHP John Piccola
|
|
Batting: RHB Juan Espinoza
|
0-0: Called Strike 0-1: Called Strike 0-2: Fly out, F3 (Line Drive, 34, EV 63.8 MPH)
|
|
Batting: LHB Brian Wagner
|
0-0: Called Strike 0-1: Ball 1-1: Ball 2-1: Fly out, F7 (Flyball, 7LM, EV 89.4 MPH)
|
|
Batting: RHB John Dew
|
0-0: Called Strike 0-1: Ball 1-1: Foul Ball, location: 2F 1-2: Foul Ball, location: 2F 1-2: Ball 2-2: Ball 3-2: Foul Ball, location: 2F 3-2: Foul Ball, location: 2F 3-2: Strikes out swinging
|
| Top of the 3rd over - 0 runs, 0 hits, 0 errors, 0 left on base; Chattanooga 0 - Frisco 0 |
| BOTTOM OF THE 3RD |
|
Frisco RoughRiders batting - Pitching for Chattanooga Lookouts : LHP Jon Lizarraga
|
|
Batting: RHB Matt Sanders
|
0-0: Called Strike 0-1: Swinging Strike 0-2: Fly out, F6 (Popup, 6, EV 51.9 MPH)
|
|
Batting: LHB Joseph Martin
|
0-0: Foul Ball, location: 2F 0-1: Foul Ball, location: 2F 0-2: Ball 1-2: Strikes out swinging
|
|
Batting: RHB Eduardo Chavez
|
0-0: Ball 1-0: Swinging Strike 1-1: Ball 2-1: Foul Ball, location: 2F 2-2: Foul Ball, location: 2F 2-2: Hit by Pitch
|
|
Batting: RHB Josh Whitmore
|
0-0: Called Strike 0-1: Called Strike 0-2: Ball 1-2: Strikes out looking
|
| Bottom of the 3rd over - 0 runs, 0 hits, 0 errors, 1 left on base; Chattanooga 0 - Frisco 0 |
| TOP OF THE 4TH |
|
Chattanooga Lookouts batting - Pitching for Frisco RoughRiders : RHP John Piccola
|
|
Batting: SHB Matt Urbani
|
0-0: Called Strike 0-1: Swinging Strike 0-2: Ball 1-2: Strikes out looking
|
|
Batting: RHB Mike Craver
|
0-0: Ball 1-0: TRIPLE (Line Drive, 8LXD, EV 102.5 MPH)
|
|
Batting: LHB Shaun Price
|
0-0: Ball 1-0: Foul Ball, location: 2F 1-1: Called Strike 1-2: Ball 2-2: Strikes out looking
|
|
Batting: LHB Kuemon Shishido
|
0-0: Called Strike 0-1: Swinging Strike 0-2: Strikes out looking
|
| Top of the 4th over - 0 runs, 1 hit, 0 errors, 1 left on base; Chattanooga 0 - Frisco 0 |
| BOTTOM OF THE 4TH |
|
Frisco RoughRiders batting - Pitching for Chattanooga Lookouts : LHP Jon Lizarraga
|
|
Batting: RHB Sean Neuroth
|
0-0: Ball 1-0: DOUBLE (Line Drive, 78M, EV 110.6 MPH)
|
|
Batting: RHB Mike Thornton
|
0-0: Called Strike 0-1: SINGLE (Groundball, 34S, EV 70.0 MPH) (infield hit) Sean Neuroth to third
|
|
Batting: RHB Jorge Benites
|
0-0: Ball 1-0: Ball Wild Pitch! Sean Neuroth scores Mike Thornton to second 2-0: Ball 3-0: Called Strike 3-1: Base on Balls
|
|
Batting: RHB Joe Kemp
|
0-0: Called Strike 0-1: Foul Ball, location: 2F 0-2: Ball 1-2: Ball 2-2: Foul Ball, location: 2F 2-2: Foul Ball, location: 2F 2-2: Ball 3-2: Foul Ball, location: 2F 3-2: Foul Ball, location: 2F 3-2: Base on Balls Mike Thornton to third Jorge Benites to second
|
|
Batting: RHB Luis Arce
|
0-0: Grounds into double play, 4-6-3 (Groundball, 34, EV 85.0 MPH) Mike Thornton scores Jorge Benites to third
|
|
Batting: RHB Matt Sanders
|
0-0: Swinging Strike 0-1: Called Strike 0-2: Ball 1-2: Foul Ball, location: 2F 1-2: Ball 2-2: Ball 3-2: Foul Ball, location: 2F 3-2: Foul Ball, location: 2F 3-2: Foul Ball, location: 2F 3-2: Base on Balls
|
|
Batting: LHB Joseph Martin
|
0-0: Ball 1-0: Ball 2-0: Ball 3-0: Base on Balls Matt Sanders to second
|
|
Batting: RHB Eduardo Chavez
|
0-0: Ball 1-0: Called Strike 1-1: Swinging Strike 1-2: Strikes out swinging
|
| Bottom of the 4th over - 2 runs, 2 hits, 0 errors, 3 left on base; Chattanooga 0 - Frisco 2 |
| TOP OF THE 5TH |
|
Chattanooga Lookouts batting - Pitching for Frisco RoughRiders : RHP John Piccola
|
|
Batting: RHB Manuel Juarez
|
0-0: Foul Ball, location: 2F 0-1: Called Strike 0-2: Foul Ball, location: 2F 0-2: Strikes out swinging
|
|
Batting: LHB Marshall Daul
|
0-0: Ball 1-0: Ball 2-0: Called Strike 2-1: Ground out U3 (Groundball, 3L, EV 110.0 MPH)
|
|
Batting: RHB Juan Espinoza
|
0-0: Foul Ball, location: 2F 0-1: Ball 1-1: Ball 2-1: DOUBLE (Line Drive, 7LM, EV 106.9 MPH)
|
|
Batting: LHB Brian Wagner
|
0-0: Ball 1-0: SINGLE (Groundball, 25, EV 73.1 MPH) (infield hit) Juan Espinoza to third
|
|
Batting: RHB John Dew
|
0-0: Called Strike 0-1: Ball 1-1: Fly out, F9 (Line Drive, 9, EV 108.1 MPH)
|
| Top of the 5th over - 0 runs, 2 hits, 0 errors, 2 left on base; Chattanooga 0 - Frisco 2 |
| BOTTOM OF THE 5TH |
|
Frisco RoughRiders batting - Pitching for Chattanooga Lookouts : LHP Jon Lizarraga
|
|
Batting: RHB Josh Whitmore
|
0-0: Called Strike 0-1: Foul Ball, location: 2F 0-2: Fly out, F9 (Flyball, 9, EV 92.5 MPH)
|
|
Batting: RHB Sean Neuroth
|
0-0: SINGLE (Line Drive, 9S, EV 109.4 MPH)
|
|
Batting: RHB Mike Thornton
|
0-0: Called Strike Sean Neuroth steals 2nd base 0-1: Swinging Strike 0-2: Strikes out swinging
|
|
Batting: RHB Jorge Benites
|
0-0: Ball 1-0: Ball 2-0: Ball 3-0: Base on Balls
|
|
Batting: RHB Joe Kemp
|
0-0: Called Strike 0-1: Foul Ball, location: 2F 0-2: Ball 1-2: Ball 2-2: Foul Ball, location: 2F 2-2: Ball 3-2: Foul Ball, location: 2F 3-2: Fly out, F9 (Line Drive, 9, EV 91.9 MPH)
|
| Bottom of the 5th over - 0 runs, 1 hit, 0 errors, 2 left on base; Chattanooga 0 - Frisco 2 |
| TOP OF THE 6TH |
|
Chattanooga Lookouts batting - Pitching for Frisco RoughRiders : RHP John Piccola
|
|
Batting: SHB Matt Urbani
|
0-0: Called Strike 0-1: Ball 1-1: Foul Ball, location: 2F 1-2: Strikes out looking
|
|
Batting: RHB Mike Craver
|
0-0: Called Strike 0-1: DOUBLE (Flyball, 8RXD, EV 111.9 MPH)
|
|
Batting: LHB Shaun Price
|
0-0: Called Strike 0-1: Swinging Strike 0-2: Ball 1-2: Ball 2-2: Foul Ball, location: 2F 2-2: Foul Ball, location: 2F 2-2: Foul Ball, location: 2F 2-2: Fly out, F9 (Flyball, 89M, EV 92.5 MPH)
|
|
Batting: LHB Kuemon Shishido
|
0-0: Foul Ball, location: 2F 0-1: Called Strike 0-2: Strikes out swinging
|
| Top of the 6th over - 0 runs, 1 hit, 0 errors, 1 left on base; Chattanooga 0 - Frisco 2 |
| BOTTOM OF THE 6TH |
|
Frisco RoughRiders batting - Pitching for Chattanooga Lookouts : LHP Jon Lizarraga
|
|
Pitching: RHP Regan Kalinski
|
|
|
Batting: RHB Luis Arce
|
0-0: Called Strike 0-1: Swinging Strike 0-2: Ball 1-2: Ball 2-2: Foul Ball, location: 2F 2-2: Foul Ball, location: 2F 2-2: Foul Ball, location: 2F 2-2: Strikes out swinging
|
|
Batting: RHB Matt Sanders
|
0-0: Ball 1-0: Swinging Strike 1-1: Ball 2-1: Foul Ball, location: 2F 2-2: DOUBLE (Line Drive, 78D, EV 105.0 MPH)
|
|
Batting: LHB Joseph Martin
|
0-0: Intentional Walk
|
|
Batting: RHB Eduardo Chavez
|
0-0: Reached via error on a dropped throw from SS, E4 (Groundball, 6, EV 90.6 MPH) Matt Sanders to third Joseph Martin to second
|
|
Batting: RHB Josh Whitmore
|
0-0: Ball 1-0: Swinging Strike 1-1: Swinging Strike 1-2: Strikes out swinging
|
|
Pinch Hitting: LHB Jim Pankratz
|
0-0: SINGLE (Groundball, 4, EV 101.9 MPH) Matt Sanders scores Joseph Martin to third Eduardo Chavez to second Runner from 3rd tries for Home, SAFE, throw by CF to home
|
|
Batting: RHB Mike Thornton
|
0-0: SINGLE (Line Drive, 56D, EV 103.8 MPH) Eduardo Chavez to third Jim Pankratz to second Runner from 3rd tries for Home, throw by LF and OUT! 7-2
|
| Bottom of the 6th over - 2 runs, 3 hits, 1 error, 2 left on base; Chattanooga 0 - Frisco 4 |
| TOP OF THE 7TH |
|
Chattanooga Lookouts batting - Pitching for Frisco RoughRiders : RHP John Piccola
|
|
Now at 1B: Jim Pankratz
|
|
|
Now at 2B: Josh Whitmore
|
|
|
Batting: RHB Manuel Juarez
|
0-0: Ball 1-0: Ball 2-0: SINGLE (Flyball, 89S, EV 90.6 MPH)
|
|
Batting: LHB Marshall Daul
|
0-0: Ball 1-0: Called Strike 1-1: Ball 2-1: Ball 3-1: Base on Balls Manuel Juarez to second
|
|
Batting: RHB Juan Espinoza
|
0-0: Ball 1-0: Fielders Choice at 2nd, 6-4 (Groundball, 6, EV 94.4 MPH) Manuel Juarez to third
|
|
Batting: LHB Brian Wagner
|
0-0: Ball 1-0: 3-RUN HOME RUN (Flyball, 89XD, EV 109.4 MPH), Distance : 428 ft
|
|
Batting: RHB John Dew
|
0-0: SINGLE (Groundball, 6MD, EV 105.0 MPH) (infield hit)
|
|
Batting: SHB Matt Urbani
|
0-0: Ball 1-0: Called Strike 1-1: Called Strike 1-2: Ball 2-2: Fielders Choice at 2nd, 4-6 (Groundball, 4, EV 87.5 MPH)
|
|
Pitching: RHP Matt Stutzman
|
|
|
Now at 1B: Josh Whitmore
|
|
|
Now at 2B: Eduardo Chavez
|
|
|
Now at SS: Brace Harper
|
|
|
Batting: RHB Mike Craver
|
0-0: Called Strike 0-1: Ball Matt Urbani steals 2nd base 1-1: Foul Ball, location: 2F 1-2: Strikes out swinging
|
| Top of the 7th over - 3 runs, 3 hits, 0 errors, 1 left on base; Chattanooga 3 - Frisco 4 |
| BOTTOM OF THE 7TH |
|
Frisco RoughRiders batting - Pitching for Chattanooga Lookouts : RHP Regan Kalinski
|
|
Batting: RHB Jorge Benites
|
0-0: Called Strike 0-1: Foul Ball, location: 2F 0-2: Ground out 3-1 (Groundball, 34, EV 93.1 MPH)
|
|
Pinch Hitting: LHB Alfonso Collazo
|
0-0: Foul Ball, location: 2F 0-1: Ground out U3 (Groundball, 3, EV 91.9 MPH)
|
|
Batting: RHB Luis Arce
|
0-0: Ball 1-0: Called Strike 1-1: Swinging Strike 1-2: Foul Ball, location: 2F 1-2: Ground out 5-3 (Groundball, 56S, EV 82.5 MPH)
|
| Bottom of the 7th over - 0 runs, 0 hits, 0 errors, 0 left on base; Chattanooga 3 - Frisco 4 |
| TOP OF THE 8TH |
|
Chattanooga Lookouts batting - Pitching for Frisco RoughRiders : RHP Matt Stutzman
|
|
Now in CF: Matt Sanders
|
|
|
Now in RF: Alfonso Collazo
|
|
|
Batting: LHB Shaun Price
|
0-0: Called Strike 0-1: Ball 1-1: Foul Ball, location: 2F 1-2: Ground out 4-3 (Groundball, 34D, EV 88.8 MPH)
|
|
Pitching: LHP Tommy McCusker
|
|
|
Now in RF: Dale Aubrey
|
|
|
Batting: RHB Michael McDonald
|
0-0: Ball 1-0: Called Strike 1-1: Ball 2-1: Ball 3-1: Foul Ball, location: 2F 3-2: Foul Ball, location: 2F 3-2: Foul Ball, location: 2F 3-2: Foul Ball, location: 2F 3-2: Base on Balls
|
|
Batting: RHB Manuel Juarez
|
0-0: Foul Ball, location: 2F 0-1: Swinging Strike 0-2: Strikes out swinging
|
|
Batting: LHB Marshall Daul
|
0-0: Called Strike 0-1: Called Strike 0-2: Ball 1-2: Foul Ball, location: 2F 1-2: Ground out 1-3 (Groundball, 34S, EV 69.4 MPH)
|
| Top of the 8th over - 0 runs, 0 hits, 0 errors, 1 left on base; Chattanooga 3 - Frisco 4 |
| BOTTOM OF THE 8TH |
|
Frisco RoughRiders batting - Pitching for Chattanooga Lookouts : RHP Regan Kalinski
|
|
Pitching: RHP Justin Gorden
|
|
|
Pinch Hitting: LHB Brian Gray
|
0-0: Ball 1-0: Ball 2-0: Called Strike 2-1: Ball 3-1: Called Strike 3-2: Fly out, F6 (Popup, 56D, EV 45.6 MPH)
|
|
Batting: LHB Joseph Martin
|
0-0: Swinging Strike 0-1: Ball 1-1: Ball 2-1: Foul Ball, location: 2F 2-2: Strikes out swinging
|
|
Batting: RHB Eduardo Chavez
|
0-0: Called Strike 0-1: Foul Ball, location: 2F 0-2: Strikes out swinging
|
| Bottom of the 8th over - 0 runs, 0 hits, 0 errors, 0 left on base; Chattanooga 3 - Frisco 4 |
| TOP OF THE 9TH |
|
Chattanooga Lookouts batting - Pitching for Frisco RoughRiders : LHP Tommy McCusker
|
|
Pitching: RHP Tom Jensen
|
|
|
Now in CF: Dale Aubrey
|
|
|
Now in RF: Brian Gray
|
|
|
Batting: RHB Juan Espinoza
|
0-0: Swinging Strike 0-1: Called Strike 0-2: Strikes out swinging
|
|
Batting: LHB Brian Wagner
|
0-0: SINGLE (Groundball, 4MD, EV 104.4 MPH)
|
|
Pinch Hitting: LHB Jayden Thomas
|
0-0: Ball 1-0: Called Strike 1-1: Foul Ball, location: 2F 1-2: Ball 2-2: DOUBLE (Line Drive, 9LS, EV 95.0 MPH) Brian Wagner to third
|
|
Batting: SHB Matt Urbani
|
0-0: Intentional Walk
|
|
Pinch Hitting: LHB David Campbell
|
0-0: Called Strike 0-1: Foul Ball, location: 2F 0-2: Strikes out looking
|
|
Batting: LHB Shaun Price
|
0-0: Ball 1-0: Swinging Strike 1-1: Fielders Choice at 2nd, U6 (Groundball, 6M, EV 105.6 MPH)
|
| Top of the 9th over - 0 runs, 2 hits, 0 errors, 3 left on base; Chattanooga 3 - Frisco 4 |
|